 Dungeon Crawl Stone Soup version 0.26.1-11-gd32895ea62 (webtiles) character file.

Game seed: 3034630540326019355

90 Brandom the Insei (level 4, -4/30 HPs)
             Began as an Octopode Transmuter on July 1, 2021.
             Was an Initiate of Cheibriados.
             Slain by an orc
             ... wielding a +0 whip
              (6 damage)
             ... on level 3 of the Dungeon.
             The game lasted 00:03:22 (2002 turns).

Brandom the Insei (Octopode Transmuter)             Turns: 2002, Time: 00:03:23

Health: -4/30      AC:  1    Str: 10    XL:     4   Next: 56%
Magic:  7/7        EV: 14    Int: 17    God:    Cheibriados [......]
Gold:   105        SH:  0    Dex: 13    Spells: 7/8 levels left

rFire    . . .     SeeInvis .     - Unarmed
rCold    . . .     Faith    .   (no shield)
rNeg     + . .     Spirit   .   (helmet restricted)
rPois    .         Reflect  .   (no amulet)
rElec    .         Harm     .   j - ring of positive energy
rCorr    .         Rampage  .   (no ring)
Will     .....                  (no ring)
Stlth    ++........             (no ring)
HPRegen  0.10/turn              (no ring)
MPRegen  0.10/turn              (no ring)
                                (no ring)
                                (no ring)

@: very slow
A: almost no armour, stealthy swim, amphibious, 8 rings, constrict 8, camouflage
1, gelatinous body 1
a: Renounce Religion, Bend Time


You were on level 3 of the Dungeon.
You worshipped Cheibriados.
Cheibriados was noncommittal.
You visited 1 branch of the dungeon, and saw 3 of its levels.

You collected 105 gold pieces.

Inventory:

Jewellery
 j - a ring of positive energy (left tentacle)
Scrolls
 a - 2 scrolls of teleportation {unknown}
 f - 2 scrolls of fear {unknown}
 h - a scroll of blinking {unknown}
 i - a scroll of remove curse {unknown}
Potions
 b - a potion of flight {unknown}
 c - a potion of attraction {unknown}
 d - a potion of curing {unknown}
 e - 3 potions of degeneration {unknown}
 g - a potion of brilliance {unknown}
 k - 2 potions of lignification {unknown}


   Skills:
 * Level 2.4 Fighting
 + Level 2.5 Dodging
 + Level 3.3 Unarmed Combat
 + Level 2.5 Spellcasting
 + Level 2.6 Transmutations


You had 7 spell levels left.
You knew the following spells:

 Your Spells              Type           Power        Failure   Level
a - Beastly Appendage     Tmut           22%          6%          1

Your spell library contained the following spells:

 Spells                   Type           Power        Failure   Level
 Wereblood                Tmut           11%          10%         2
 Spider Form              Tmut/Pois      3%           32%         3
 Ice Form                 Ice/Tmut       6%           71%         4
 Blade Hands              Tmut           5%           86%         5


Dungeon Overview and Level Annotations

Branches:
Dungeon (3/15)

Altars:
Ashenzari
Cheibriados
Kikubaaqudgha
Okawaru
Sif Muna


Innate Abilities, Weirdness & Mutations

You cannot wear most types of armour.
You are very stealthy in the water. (Stealth+)
You are amphibious.
You can wear up to eight rings at the same time.
You can use your tentacles to constrict eight enemies at once.
Your skin changes colour to match your surroundings (Stealth+).
Your rubbery body absorbs attacks. (AC +1, EV +1)


Message History

You constrict something. The orc closely misses you.
You hear some strange, mumbled words.
A magic dart appears from out of thin air!
The magic dart hits you!
You barely miss something. You constrict something. The orc closely misses you.
You hear some strange, mumbled words.
A magic dart appears from out of thin air!
The magic dart hits you!
* * * LOW HITPOINT WARNING * * *
Unknown command.
You tentacle-slap something.
Cheibriados appreciates the change of pace.
Reactivating autopickup.
You feel a bit more experienced. The orc barely misses you.
Unknown command.
You tentacle-slap the orc but do no damage.
You grab the orc. You squeeze the orc, but do no damage.
You constrict the orc, but do no damage.
The orc hits you with a +0 whip.
You die...

## .# .#
.# .# .#
#####o#.#
#<..@)..#
###.#####
.....
#.#.#(#
#...#.# #
### #


You could see an orc.

Vanquished Creatures
  An orc wizard (D:3)
  2 adders (D:2)
  An ooze (D:1)
  2 worms (D:2)
  A ball python (D:1)
  2 bats (D:2)
  3 giant cockroaches (D:1)
  9 goblins
  2 hobgoblins (D:2)
  2 jackals (D:2)
  4 frilled lizards (D:1)
  4 kobolds
  7 rats
40 creatures vanquished.

Notes
Turn   | Place    | Note
-------+----------+-------------------------------------------
     0 | D:1      | Brandom the Octopode Transmuter began the quest for the
                  | Orb.
     0 | D:1      | Reached XP level 1. HP: 13/13 MP: 3/3
   139 | D:1      | Reached XP level 2. HP: 13/18 MP: 5/5
   529 | D:1      | Reached XP level 3. HP: 20/24 MP: 6/6
  1284 | D:2      | Found an ancient bone altar of Kikubaaqudgha.
  1292 | D:2      | Found a broken altar of Ashenzari.
  1309 | D:2      | Found a snail-covered altar of Cheibriados.
  1309 | D:2      | Found an iron altar of Okawaru.
  1310 | D:2      | Found a shimmering blue altar of Sif Muna.
  1317 | D:2      | Became a worshipper of Cheibriados the Contemplative
  1781 | D:2      | Reached XP level 4. HP: 27/29 MP: 7/7
  2002 | D:3      | Slain by an orc

Illustrated notes

Levels and vault maps discovered:
D:1:      lightli_arrival_farm, layout_basic
D:2:      layout_loops_cross, minitemple, amethyst_killhole, minmay_hedge_maze
D:3:      layout_basic, grunt_gozag_statues, fedhas_ov_isle_minmay,
          uniq_terence, uniq_grinder

Skill      XL: |  1  2  3 |
---------------+----------+-----
Fighting       | 2 |  2.4
Dodging        | |  2.5
Unarmed Combat | |  3.3
Spellcasting   | |  2.5
Transmutations | |  2.6

Action                   |  1- 3 |  4- 6 || total
-------------------------+-------+-------++-------
Melee: Unarmed           |    71 |    12 ||    83
       Constrict         |    19 |     3 ||    22
       Tentacles         |    13 |     3 ||    16
       Punch             |     1 |       ||     1
 Cast: Beastly Appendage |     2 |       ||     2
 Stab: Sleeping          |    11 |       ||    11
Armor: Skin              |     1 |     1 ||     2
Dodge: Dodged            |    29 |     9 ||    38
